DBL
NEW YORK METS @ LOS ANGELES DODGERS
06/06/1997
 
TOP OF THE 1ST
New York Mets batting - Pitching for Los Angeles Dodgers : RHP Greg Maddux
Pitching: RHP Greg Maddux
Batting: LHB Cliff Floyd 0-0: Ball
1-0: Called Strike
1-1: Ball
2-1: Called Strike
2-2: Foul Ball, location: 2F
2-2: Strikes out looking
Batting: RHB Magglio Ordonez 0-0: Foul Ball, location: 2F
0-1: Ball
1-1: Swinging Strike
1-2: Strikes out swinging
Batting: RHB Gary Sheffield 0-0: Called Strike
0-1: Ball
1-1: Foul Ball, location: 2F
1-2: Foul Ball, location: 2F
1-2: Ball
2-2: Foul Ball, location: 2F
2-2: Strikes out swinging
Top of the 1st over - 0 runs, 0 hits, 0 errors, 0 left on base; New York 0 - Los Angeles 0
BOTTOM OF THE 1ST
Los Angeles Dodgers batting - Pitching for New York Mets : LHP Tom Glavine
Pitching: LHP Tom Glavine
Batting: SHB Jason Varitek 0-0: Called Strike
0-1: Ball
1-1: Foul Ball, location: 2F
1-2: Fly out, F9 (Flyball, 9S, EV 88.1 MPH)
Batting: LHB Rafael Palmeiro 0-0: Fly out, F7 (Line Drive, 7, EV 87.5 MPH)
Batting: LHB Shawn Green 0-0: Ball
1-0: Ground out 6-3 (Groundball, 6, EV 105.6 MPH)
Bottom of the 1st over - 0 runs, 0 hits, 0 errors, 0 left on base; New York 0 - Los Angeles 0
TOP OF THE 2ND
New York Mets batting - Pitching for Los Angeles Dodgers : RHP Greg Maddux
Batting: RHB Sammy Sosa 0-0: Ball
1-0: Called Strike
1-1: Called Strike
1-2: Ball
2-2: Ball
3-2: Foul Ball, location: 2F
3-2: Foul Ball, location: 2F
3-2: Fly out, F9 (Flyball, 89S, EV 88.1 MPH)
Batting: RHB Phil Nevin 0-0: Ball
1-0: Foul Ball, location: 2F
1-1: SINGLE (Line Drive, 7S, EV 93.1 MPH)
Batting: RHB Greg Colbrunn 0-0: Fly out, F8 (Flyball, 89M, EV 91.3 MPH)
Batting: RHB Bret Boone 0-0: Ball
1-0: Foul Ball, location: 2F
1-1: Called Strike
1-2: Ball
2-2: Strikes out swinging
Top of the 2nd over - 0 runs, 1 hit, 0 errors, 1 left on base; New York 0 - Los Angeles 0
BOTTOM OF THE 2ND
Los Angeles Dodgers batting - Pitching for New York Mets : LHP Tom Glavine
Batting: LHB Ryan Klesko 0-0: Ball
1-0: Called Strike
1-1: Foul Ball, location: 2F
1-2: Fly out, F5 (Line Drive, 5, EV 71.9 MPH)
Batting: RHB Joe Randa 0-0: Ball
1-0: Called Strike
1-1: Called Strike
1-2: Strikes out swinging
Batting: RHB Torii Hunter 0-0: Called Strike
0-1: Ball
1-1: Called Strike
1-2: Ball
2-2: Fly out, F3 (Popup, 34S, EV 66.9 MPH)
Bottom of the 2nd over - 0 runs, 0 hits, 0 errors, 0 left on base; New York 0 - Los Angeles 0
TOP OF THE 3RD
New York Mets batting - Pitching for Los Angeles Dodgers : RHP Greg Maddux
Batting: RHB Olmedo Saenz 0-0: Ground out 6-3 (Groundball, 6, EV 103.8 MPH)
Batting: LHB B.J. Surhoff 0-0: Fly out, F7 (Flyball, 7S, EV 75.6 MPH)
Batting: LHB Cliff Floyd 0-0: Fly out, F9 (Flyball, 89M, EV 88.8 MPH)
Top of the 3rd over - 0 runs, 0 hits, 0 errors, 0 left on base; New York 0 - Los Angeles 0
BOTTOM OF THE 3RD
Los Angeles Dodgers batting - Pitching for New York Mets : LHP Tom Glavine
Batting: RHB Brian L Hunter 0-0: Swinging Strike
0-1: Ball
1-1: Ball
2-1: Foul Ball, location: 2F
2-2: Ground out 4-3 (Groundball, 4S, EV 80.0 MPH)
Batting: SHB Jerry Browne 0-0: Ball
1-0: Reached on error, E6 (Groundball, 6, EV 77.5 MPH)
Batting: RHB Homer Bush 0-0: Ball
Jerry Browne steals 3rd base
1-0: Swinging Strike
1-1: Swinging Strike
1-2: Ground out U3 (Groundball, 34, EV 106.3 MPH)
Jerry Browne scores
Batting: SHB Jason Varitek 0-0: Ground out 1-3 (Groundball, 13, EV 85.6 MPH)
Bottom of the 3rd over - 1 run, 0 hits, 1 error, 0 left on base; New York 0 - Los Angeles 1
TOP OF THE 4TH
New York Mets batting - Pitching for Los Angeles Dodgers : RHP Greg Maddux
Batting: RHB Magglio Ordonez 0-0: Called Strike
0-1: Ball
1-1: Swinging Strike
1-2: Foul Ball, location: 2F
1-2: Ground out 6-3 (Groundball, 6, EV 85.6 MPH)
Batting: RHB Gary Sheffield 0-0: Ball
1-0: Fly out, F8 (Flyball, 8RM, EV 85.6 MPH)
Batting: RHB Sammy Sosa 0-0: Called Strike
0-1: Ball
1-1: Called Strike
1-2: Foul Ball, location: 2F
1-2: Strikes out swinging
Top of the 4th over - 0 runs, 0 hits, 0 errors, 0 left on base; New York 0 - Los Angeles 1
BOTTOM OF THE 4TH
Los Angeles Dodgers batting - Pitching for New York Mets : LHP Tom Glavine
Batting: LHB Rafael Palmeiro 0-0: DOUBLE (Line Drive, 89XD, EV 108.1 MPH)
Batting: LHB Shawn Green 0-0: Ball
Wild Pitch!
Rafael Palmeiro to third
1-0: Ground out 5-3 (Groundball, 56, EV 105.0 MPH)
Rafael Palmeiro scores
Batting: LHB Ryan Klesko 0-0: Ball
1-0: Ball
2-0: Ball
3-0: Base on Balls
Batting: RHB Joe Randa 0-0: SINGLE (Groundball, 6MD, EV 96.9 MPH)
Ryan Klesko to second
Runner from 2nd tries for 3rd, SAFE, no throw by CF
Batting: RHB Torii Hunter 0-0: Single, Error in OF, E8, batter to second base (Line Drive, 6MD, EV 102.5 MPH)
Ryan Klesko scores
Joe Randa to third
Batting: RHB Brian L Hunter 0-0: Ball
1-0: Fly out, F8 (Flyball, 89S, EV 90.6 MPH)
Batting: SHB Jerry Browne 0-0: Foul Ball, location: 2F
0-1: Ball
1-1: Swinging Strike
1-2: Ground out 5-3 (Groundball, 56, EV 104.4 MPH)
Bottom of the 4th over - 2 runs, 3 hits, 1 error, 2 left on base; New York 0 - Los Angeles 3
TOP OF THE 5TH
New York Mets batting - Pitching for Los Angeles Dodgers : RHP Greg Maddux
Batting: RHB Phil Nevin 0-0: Called Strike
0-1: Foul Ball, location: 2F
0-2: Ball
1-2: Foul Ball, location: 2F
1-2: Strikes out swinging
Batting: RHB Greg Colbrunn 0-0: Foul Ball, location: 2F
0-1: Ground out 5-3 (Groundball, 56S, EV 83.8 MPH)
Batting: RHB Bret Boone 0-0: Ball
1-0: Called Strike
1-1: DOUBLE (Flyball, 8LXD, EV 94.4 MPH)
Batting: RHB Olmedo Saenz 0-0: Fly out, F8 (Line Drive, 8LD, EV 93.1 MPH)
Top of the 5th over - 0 runs, 1 hit, 0 errors, 1 left on base; New York 0 - Los Angeles 3
BOTTOM OF THE 5TH
Los Angeles Dodgers batting - Pitching for New York Mets : LHP Tom Glavine
Batting: RHB Homer Bush 0-0: Called Strike
0-1: Swinging Strike
0-2: Ball
1-2: Ball
2-2: Strikes out looking
Batting: SHB Jason Varitek 0-0: Called Strike
0-1: Called Strike
0-2: DOUBLE (Flyball, 89XD, EV 107.5 MPH)
Batting: LHB Rafael Palmeiro 0-0: Hit by Pitch
Batting: LHB Shawn Green 0-0: Called Strike
0-1: Ball
1-1: Foul Ball, location: 2F
1-2: Strikes out swinging
Batting: LHB Ryan Klesko 0-0: Ball
1-0: Foul Ball, location: 2F
1-1: Ball
2-1: Foul Ball, location: 2F
2-2: Fly out, F7 (Flyball, 7LS, EV 82.5 MPH)
Bottom of the 5th over - 0 runs, 1 hit, 0 errors, 2 left on base; New York 0 - Los Angeles 3
TOP OF THE 6TH
New York Mets batting - Pitching for Los Angeles Dodgers : RHP Greg Maddux
Batting: LHB B.J. Surhoff 0-0: Ball
1-0: Foul Ball, location: 2F
1-1: Swinging Strike
1-2: Strikes out looking
Batting: LHB Cliff Floyd 0-0: Ball
1-0: Called Strike
1-1: Foul Ball, location: 2F
1-2: Ball
2-2: Ground out 4-3 (Groundball, 4, EV 87.5 MPH)
Batting: RHB Magglio Ordonez 0-0: Ball
1-0: Ground out 5-3 (Groundball, 56, EV 104.4 MPH)
Top of the 6th over - 0 runs, 0 hits, 0 errors, 0 left on base; New York 0 - Los Angeles 3
BOTTOM OF THE 6TH
Los Angeles Dodgers batting - Pitching for New York Mets : LHP Tom Glavine
Batting: RHB Joe Randa 0-0: Called Strike
0-1: Hit by Pitch
Batting: RHB Torii Hunter 0-0: Called Strike
0-1: Called Strike
0-2: Foul Ball, location: 2F
0-2: Fly out, F9 (Flyball, 9LD, EV 94.4 MPH)
Batting: RHB Brian L Hunter 0-0: Swinging Strike
0-1: Fly out, F7 (Flyball, 7LS, EV 86.3 MPH)
Batting: SHB Jerry Browne 0-0: Ball
Pickoff Throw to First - Error! E1
Joe Randa to second
1-0: Foul Ball, location: 2F
1-1: Ground out 4-3 (Groundball, 34, EV 88.1 MPH)
Bottom of the 6th over - 0 runs, 0 hits, 1 error, 1 left on base; New York 0 - Los Angeles 3
TOP OF THE 7TH
New York Mets batting - Pitching for Los Angeles Dodgers : RHP Greg Maddux
Batting: RHB Gary Sheffield 0-0: Ball
1-0: Foul Ball, location: 2F
1-1: Called Strike
1-2: Strikes out swinging
Batting: RHB Sammy Sosa 0-0: Called Strike
0-1: Called Strike
0-2: Ball
1-2: Foul Ball, location: 2F
1-2: Foul Ball, location: 2F
1-2: Ball
2-2: Strikes out swinging
Batting: RHB Phil Nevin 0-0: Fly out, F8 (Flyball, 8RM, EV 95.0 MPH)
Top of the 7th over - 0 runs, 0 hits, 0 errors, 0 left on base; New York 0 - Los Angeles 3
BOTTOM OF THE 7TH
Los Angeles Dodgers batting - Pitching for New York Mets : LHP Tom Glavine
Batting: RHB Homer Bush 0-0: Foul Ball, location: 2F
0-1: Foul Ball, location: 2F
0-2: Ball
1-2: SINGLE (Line Drive, 89M, EV 103.1 MPH)
Batting: SHB Jason Varitek 0-0: Bunt missed!
0-1: Ball
1-1: Bunt missed!
1-2: Strikes out looking
Batting: LHB Rafael Palmeiro 0-0: Ball
1-0: Ball
2-0: Ball
3-0: Foul Ball, location: 2F
3-1: Called Strike
3-2: Strikes out swinging
Homer Bush is caught stealing 2nd base 2-6
Batter strikes out.
Bottom of the 7th over - 0 runs, 1 hit, 0 errors, 0 left on base; New York 0 - Los Angeles 3
TOP OF THE 8TH
New York Mets batting - Pitching for Los Angeles Dodgers : RHP Greg Maddux
Batting: RHB Greg Colbrunn 0-0: Called Strike
0-1: Fly out, F3 (Popup, 3SF, EV 82.5 MPH)
Batting: RHB Bret Boone 0-0: Ball
1-0: Ball
2-0: Called Strike
2-1: Ball
3-1: Swinging Strike
3-2: Foul Ball, location: 2F
3-2: Foul Ball, location: 2F
3-2: Foul Ball, location: 2F
3-2: Foul Ball, location: 2F
3-2: Strikes out looking
Batting: RHB Olmedo Saenz 0-0: Ball
1-0: Ball
2-0: Fly out, F9 (Flyball, 9S, EV 88.8 MPH)
Top of the 8th over - 0 runs, 0 hits, 0 errors, 0 left on base; New York 0 - Los Angeles 3
BOTTOM OF THE 8TH
Los Angeles Dodgers batting - Pitching for New York Mets : LHP Tom Glavine
Batting: LHB Shawn Green 0-0: Called Strike
0-1: Ball
1-1: Ball
2-1: Foul Ball, location: 2F
2-2: Fly out, F9 (Line Drive, 9D, EV 89.4 MPH)
Batting: LHB Ryan Klesko 0-0: Foul Ball, location: 2F
0-1: Ball
1-1: Swinging Strike
1-2: Ball
2-2: Ball
3-2: Ground out 6-3 (Groundball, 6, EV 81.3 MPH)
Batting: RHB Joe Randa 0-0: Called Strike
0-1: Reached on error, E6 (Groundball, 6, EV 94.4 MPH)
Batting: RHB Torii Hunter 0-0: Foul Ball, location: 2F
0-1: Fly out, F7 (Flyball, 78M, EV 84.4 MPH)
Bottom of the 8th over - 0 runs, 0 hits, 1 error, 1 left on base; New York 0 - Los Angeles 3
TOP OF THE 9TH
New York Mets batting - Pitching for Los Angeles Dodgers : RHP Greg Maddux
Pitching: LHP Ricardo Rincon
Batting: LHB B.J. Surhoff 0-0: Fly out, F1 (Line Drive, P, EV 69.4 MPH)
Batting: LHB Cliff Floyd 0-0: Ball
1-0: Called Strike
1-1: Ball
2-1: Foul Ball, location: 2F
2-2: Foul Ball, location: 2F
2-2: Foul Ball, location: 2F
2-2: Ground out U3 (Groundball, 34, EV 107.5 MPH)
Batting: RHB Magglio Ordonez 0-0: Swinging Strike
0-1: Swinging Strike
0-2: Ball
1-2: Ball
2-2: Fly out, F8 (Flyball, 8LD, EV 93.8 MPH)
Top of the 9th over - 0 runs, 0 hits, 0 errors, 0 left on base; New York 0 - Los Angeles 3
Thursday, February 19th, 2026 - OOTP Baseball 20.8 Build 74